 Dungeon Crawl Stone Soup version 0.25-a0-504-g768f60da87 (webtiles) character file.

Game seed: 16074596052497578987, levelgen mode: deterministic

1358 Forecaster the Destroyer (level 8, -8/31 HPs)
             Began as a Felid Conjurer on Feb 14, 2020.
             Was a Follower of Ashenzari.
             Killed by an exploding fulminant prism (22 damage)
             ... created by the player character
             ... on level 7 of the Dungeon.
             The game lasted 00:59:50 (6149 turns).

Forecaster the Destroyer (Felid Conjurer)           Turns: 6149, Time: 00:59:51

Health: -8/31      AC:  2    Str:  4    XL:     8   Next: 37%
Magic:  14/21      EV: 21    Int: 19    God:    Ashenzari [*.....]
Gold:   347        SH:  0    Dex: 17    Spells: 9/23 levels left
                                        Lives:  0   Deaths: 2

rFire    . . .     SeeInvis +     - Unarmed
rCold    . . .     Gourm    .   (shield unavailable)
rNeg     . . .     Faith    .   (armour unavailable)
rPois    +         Spirit   .   (helmet unavailable)
rElec    .         Reflect  .   (cloak unavailable)
rCorr    .         Harm     .   (gloves unavailable)
MR       +....                  (boots unavailable)
Stlth    ++++......             z - amulet of regeneration
HPRegen  0.50/turn              i - ring of poison resistance
MPRegen  0.17/turn              (no ring)

@: quick
A: very small, no armour, no weapons or thrown items, stealth, claws 1, fangs 3,
see invisible, carnivore, speed 1, shaggy fur 2, slow metabolism 1, sharp paws
a: Curse Item, Scrying, Renounce Religion


You were on level 7 of the Dungeon.
You worshipped Ashenzari.
Ashenzari was aware of your devotion.
You were not hungry.

You visited 2 branches of the dungeon, and saw 8 of its levels.

You collected 347 gold pieces.

Inventory:

Hand Weapons
 g - the +8 hunting sling "Zoef" {vorpal, rF+}
   (You found it on level 4 of the Dungeon)

   Any stone fired from it inflicts extra damage.
   It protects you from fire.
 o - a +2 scythe of venom
 u - a +2 whip of flaming
 B - the cursed +1 great sword of Death {flame, +Blink}
   (You found it on level 7 of the Dungeon)

   It has been specially enchanted to burn those struck by it, causing extra
   injury to most foes and up to half again as much damage against particularly
   susceptible opponents.
   Big, fiery blades are also staple armaments of hydra-hunters.
   It lets you blink.
   It has a curse placed upon it.
Jewellery
 a - an uncursed amulet of harm
 f - an uncursed ring of fire
 i - a ring of poison resistance (left paw)
 z - an amulet of regeneration (around neck)
Scrolls
 c - 2 scrolls of magic mapping {unknown}
 d - 3 scrolls of fog {unknown}
 e - a scroll of fear {unknown}
 j - 2 scrolls of identify
 r - 5 scrolls of remove curse
 s - 2 scrolls of noise
 x - 2 scrolls of amnesia
 y - a scroll of teleportation
Potions
 h - a potion of brilliance
 l - a potion of agility {unknown}
 m - a potion of resistance {unknown}
 n - a potion of berserk rage {unknown}
 p - 4 potions of curing
 q - a potion of lignification {unknown}
 t - a potion of might {unknown}
 v - a potion of mutation {unknown}
 w - 2 potions of invisibility {unknown}
 A - 2 potions of flight {unknown}
Comestibles
 b - 9 rations
 k - 2 chunks of flesh


   Skills:
 + Level 0.3 Fighting
 + Level 5.6 Dodging
 + Level 6.2 Stealth
 + Level 1.5 Unarmed Combat
 + Level 8.4 Spellcasting
 + Level 8.4 Conjurations
 + Level 0.8 Hexes


You had 9 spell levels left.
You knew the following spells:

 Your Spells              Type           Power        Failure   Level  Hunger
a - Magic Dart            Conj           ####         1%          1    None
b - Searing Ray           Conj           #####.       1%          2    None
c - Dazzling Flash        Conj/Hex       ####..       3%          3    None
d - Fulminant Prism       Conj/Hex       ####......   13%         4    ###....
e - Iskenderun's Mystic   Conj/Tloc      ###.....     16%         4    ###....

Your spell library contained the following spells:

 Spells                   Type           Power        Failure   Level  Hunger


Dungeon Overview and Level Annotations

Branches:
Dungeon (7/15)             Temple (1/1) D:4

Altars:
Ashenzari
Dithmenos
Fedhas
Hepliaklqana
Kikubaaqudgha
Makhleb
Nemelex Xobeh
Okawaru
Ru
Sif Muna
Trog
Uskayaw
Vehumet
Wu Jian
Xom
Yredelemnul

Shops:
D:4 (


Innate Abilities, Weirdness & Mutations

You cannot wear armour.
You are incapable of wielding weapons or throwing items.
Your paws allow you to move quietly. (Stealth)
You have sharp claws.
You have razor-sharp teeth.
You have supernaturally acute eyesight. (SInv)
You are carnivorous and can eat meat at any time.
You cover ground quickly.
You are covered in thick fur. (AC +2)
You have a slow metabolism.
Your sharp claws are effective at attacking unaware monsters.


Message History

Confirm with . or Enter, or press ? or * to list all spells.
Aiming: Searing Ray (safe; 1% risk of failure)
Press: ? - help, Shift-Dir - straight line, f - you
Okay, then.
Casting: Searing Ray (safe; 1% risk of failure)
Confirm with . or Enter, or press ? or * to list all spells.
Aiming: Fulminant Prism (safe; 13% risk of failure)
Press: ? - help, Dir - move target cursor You conjure a prism of explosive energy!
The hound barks!
A fulminant prism comes into view.
The orc wizard casts a spell at you. The magic dart hits you!
The orc wizard casts a spell at you. The puff of frost hits you!
Your fulminant prism crackles loudly.
Your fulminant prism explodes!
The blast of energy engulfs you!!
Ouch! That really hurt!
You die...

##.#..........#
...........####
###............#
..............##
##.##.#....#...## ###
##.>......o.#.r..####..
#>......o........#.....
#..#..h..#...#...†.....
. ###@r.#..###........
#........#.#..##.......#
##.......#.#..###.....##
........##.##.. ##....#
.....#..# (s ##.....
..#.##.## ....... . #.
.. ........[ . .#
#......... #...)...o.


You could see a hound, an orc wizard, an orc and a quokka.

Vanquished Creatures
  Pikel (D:5)
  Grinder (D:5)
  A hippogriff (D:7)
  Sigmund (D:5)
  Menkaure (D:5)
  An orc warrior (D:7)
  2 phantoms
  2 ice beasts
  2 slaves (D:4)
  A necrophage (D:6)
  5 ogres
  A big kobold (D:7)
  A bullfrog (D:7)
  2 scorpions (D:4)
  2 centaur zombies
  2 howler monkeys
  2 hounds
  A jelly (D:5)
  A bullfrog skeleton (D:5)
  An orc priest (D:6)
  An orc wizard (D:6)
  3 iguanas
  4 worker ants
  Natasha (twice) (D:3)
  A worker ant zombie (D:6)
  10 adders
  3 shadow imps
  An ooze (D:2)
  2 adder zombies
  A worm (D:4)
  5 dart slugs
  3 leopard geckos
  13 orcs
  6 giant cockroaches
  9 hobgoblins
  6 jackals
  10 kobolds
  2 quokkas
  A ball python (D:1)
  6 bats
  5 frilled lizards
  4 goblins
  A jackal skeleton (D:6)
  7 rats
137 creatures vanquished.

Vanquished Creatures (others)
  A crimson imp (D:5)
  2 fulminant prisms
3 creatures vanquished.

Grand Total: 140 creatures vanquished

Notes
Turn   | Place    | Note
-------+----------+-------------------------------------------
     0 | D:1      | Forecaster the Felid Conjurer began the quest for the Orb.
     0 | D:1      | Reached XP level 1. HP: 7/7 MP: 4/4
   244 | D:1      | Reached XP level 2. HP: 6/11 MP: 1/6
   254 | D:1      | Learned a level 2 spell: Searing Ray
  1072 | D:2      | Reached XP level 3. HP: 12/14 MP: 2/7
  1218 | D:2      | Found a bloodstained altar of Trog.
  1390 | D:2      | Found a shattered altar of Ashenzari.
  1406 | D:2      | Became a worshipper of Ashenzari the Shackled
  1416 | D:2      | Reached XP level 4. HP: 15/18 MP: 0/8
  1762 | D:2      | Found a shimmering altar of Xom.
  2003 | D:2      | Learned a level 3 spell: Dazzling Flash
  2231 | D:3      | Noticed a +0 hand axe
  2231 | D:3      | Noticed a +0 dagger
  2234 | D:3      | Found a hide-covered altar of Uskayaw.
  2410 | D:3      | Reached XP level 5. HP: 21/21 MP: 1/10
  2759 | D:3      | Noticed Natasha
  2765 | D:3      | Killed Natasha
  2811 | D:3      | Noticed Natasha
  2816 | D:3      | Killed Natasha
  2929 | D:3      | Learned a level 4 spell: Fulminant Prism
  2944 | D:4      | Noticed an ogre
  2952 | D:4      | Found Jeuf's Antique Weapon Shoppe.
  2967 | D:4      | Noticed a phantom
  2995 | D:4      | Killed an ogre
  2995 | D:4      | Reached skill level 5 in Conjurations
  2995 | D:4      | Gained mutation: You are covered in thick fur. (AC +2)
                  | [Felid growth]
  2995 | D:4      | Reached XP level 6. HP: 24/24 MP: 0/12
  3092 | D:4      | Reached skill level 5 in Stealth
  3092 | D:4      | Reached skill level 1 in Unarmed Combat
  3314 | D:4      | Noticed an ice beast
  3420 | D:4      | Killed an ice beast
  3420 | D:4      | Reached XP level 7. HP: 27/27 MP: 0/14
  3481 | D:4      | Found an ornate altar of the Wu Jian Council.
  3514 | D:4      | Found a staircase to the Ecumenical Temple.
  3625 | D:4      | Got the hunting sling "Zoef" {vorpal, rF+}
  3658 | Temple   | Entered the Ecumenical Temple
  4001 | D:5      | Entered Level 5 of the Dungeon
  4103 | D:5      | Reached skill level 5 in Spellcasting
  4156 | D:5      | Noticed Sigmund
  4291 | D:5      | Noticed Pikel
  4457 | D:4      | Slain by a slave
  4458 | D:4      | Reached XP level 6. HP: -1/24 MP: 9/15
  4468 | D:4      | Killed a slave
  4499 | D:5      | Killed Sigmund
  4499 | D:5      | Reached XP level 7. HP: 27/27 MP: 12/16
  4557 | D:5      | Killed Pikel
  4557 | D:5      | Reached XP level 8. HP: 14/31 MP: 5/18
  4641 | D:5      | Noticed Grinder
  4646 | D:5      | Killed Grinder
  4655 | D:5      | Found a sacrificial altar of Ru.
  4898 | D:5      | Noticed Menkaure
  4902 | D:5      | Killed Menkaure
  4902 | D:5      | Reached skill level 5 in Dodging
  5276 | D:6      | Reached * piety under Ashenzari
  5721 | D:7      | Noticed a hippogriff
  5729 | D:7      | Killed a hippogriff
  5729 | D:7      | Reached XP level 9. HP: 24/34 MP: 14/21
  6034 | D:7      | Learned a level 4 spell: Iskenderun's Mystic Blast
  6092 | D:7      | Got the cursed great sword of Death {flame, +Blink}
  6095 | D:7      | Noticed a two-headed ogre
  6103 | D:7      | Mangled by a two-headed ogre
  6104 | D:7      | Reached XP level 8. HP: -11/31 MP: 7/21
  6149 | D:7      | Killed by an exploding fulminant prism

Levels and vault maps discovered:
D:1:      heliophobic_arrival_henge, layout_basic
D:2:      layout_loops_ring, marbit_many_paths, bloody_trog, old_standard_altar
D:3:      layout_basic, dancing_weapons_uskayaw, serial_forest,
          infiniplex_forest_straight_3, infiniplex_forest_end_3,
          infiniplex_forest_clump_small, infiniplex_forest_lined_room_3,
          infiniplex_forest_clump_small, infiniplex_forest_end_3, uniq_natasha
D:4:      layout_cave_pools, lemuel_doored_altar, minmay_temple_entry_arrows,
          serial_shops, shop_fountains, first_ration
D:5:      layout_basic, lemuel_round_altar, uniq_grinder, uniq_menkaure,
          uniq_pikel, uniq_sigmund, uniq_crazy_yiuf_cottage
D:6:      layout_basic
D:7:      minmay_the_grid_four_pointed_star
          [minmay_the_grid_triangle_9x9_shrine,
          minmay_the_grid_triangle_9x9_semitri,
          minmay_the_grid_triangle_9x9_from_above,
          minmay_the_grid_triangle_9x9_skeleton,
          minmay_the_grid_prize_trominoes], layout_cave_pools
Temple:   cyrus_temple_forest

Skill      XL: |  1  2  3  4  5  6  7  8  9 |
---------------+----------------------------+-----
Dodging        | 3 4 5 |  5.6
Conjurations   | 4 5 6 7 8 |  8.4
Stealth        | 3 4 5 6 |  6.2
Spellcasting   | 3 4 6 7 8 |  8.4
Unarmed Combat | 1 |  1.5
Fighting       | |  0.3
Hexes          | |  0.8

Action                   |  1- 3 |  4- 6 |  7- 9 || total
-------------------------+-------+-------+-------++-------
Melee: Unarmed           |    11 |    25 |     3 ||    39
       Bite              |       |     3 |       ||     3
 Cast: Magic Dart        |    23 |    62 |    85 ||   170
       Searing Ray       |    18 |    22 |    45 ||    85
       Fulminant Prism   |       |     1 |     2 ||     3
  Use: Scroll            |       |     6 |     2 ||     8
       Potion            |       |       |     1 ||     1
 Stab: Sleeping          |     1 |     3 |       ||     4
  Eat: Chunk             |     9 |     5 |     9 ||    23
Armor: Skin              |     1 |     2 |     2 ||     5
Dodge: Dodged            |    14 |    36 |    65 ||   115

Table legend:
 A = Non-vault XP
 B = Vault XP
 C = Vault XP percentage of total XP
 D = Non-vault monster count
 E = Vault monster count
 F = Vault count percentage of total count
                 A         B        C        D         E       F
            +---------+---------+-------+---------+---------+-------
      Total |    2867 |    1526 |  34.7 |     126 |       9 |   6.7
            +---------+---------+-------+---------+---------+-------
        D:1 |      38 |       0 |   0.0 |      19 |       0 |   0.0
        D:2 |      93 |       2 |   2.1 |      24 |       1 |   4.0
        D:3 |     108 |      33 |  23.4 |      26 |       1 |   3.7
        D:4 |     662 |       0 |   0.0 |      14 |       0 |   0.0
        D:5 |     530 |    1330 |  71.5 |      11 |       4 |  26.7
        D:6 |     655 |       0 |   0.0 |      21 |       0 |   0.0
        D:7 |     781 |     161 |  17.1 |      11 |       3 |  21.4
            +---------+---------+-------+---------+---------+-------
